 Dungeon Crawl Stone Soup version 0.16-a0-2939-g3ffa1c3 (webtiles) character file.

207 RobertPalmer the Cutter (level 6, 39/39 HPs)
             Began as a Halfling Assassin on Dec 3, 2014.
             Quit the game on level 4 of the Dungeon.
             The game lasted 00:05:35 (3026 turns).

RobertPalmer the Cutter (Halfling Assassin)         Turns: 3026, Time: 00:05:35

Health: 39/39      AC:  5    Str: 11    XL:     6   Next: 10%
Magic:  6/6        EV: 14    Int: 10    God:
Gold:   161        SH:  0    Dex: 18    Spells: 1 memorised, 3 levels left

rFire  . . .     SeeInvis .     w - +1 short sword (venom)
rCold  + . .     Clarity  .     z - +2 robe {rC+}
rNeg   + . .     SustAb   .     (no shield)
rPois  .         Gourm    .     (no helmet)
rElec  .         Spirit   .     d - +0 cloak
rCorr  .         Warding  .     (no gloves)
rMut   .         Stasis   .     (no boots)
MR     .....                    (no amulet)
Stlth  +++.......               (no ring)
                                n - ring of positive energy

@: not resistant to hostile enchantments, fairly stealthy
A: mutation resistance 1
a: no special abilities


You were on level 4 of the Dungeon.
You were not hungry.

You visited 1 branch of the dungeon, and saw 4 of its levels.

You collected 161 gold pieces.


Innate Abilities, Weirdness & Mutations

You are small and have problems with some larger weapons.
You are somewhat resistant to further mutation.


   Skills:
 - Level 1.7 Fighting
 + Level 7.7 Short Blades
 - Level 2.6 Throwing
 - Level 1.1 Dodging
 - Level 4.3 Stealth


You had 3 spell levels left.
You knew the following spells:

 Your Spells              Type           Power        Failure   Level  Hunger
b - Blink                 Tloc           N/A          61%         2    ###....

Inventory:

Hand weapons
 a - a +0 short sword of freezing
 b - a +0 blowgun
 w - a +1 short sword of venom (weapon)
Missiles
 e - 8 poisoned needles
 f - 2 curare-tipped needles
Armour
 d - a +0 cloak (worn)
 z - a +2 robe of cold resistance (worn)
Jewellery
 n - a ring of positive energy (left hand)
 t - an uncursed ring of ice
Scrolls
 c - a scroll of magic mapping {unknown}
 h - a scroll of fog {unknown}
 k - 3 scrolls of amnesia {unknown}
 l - 3 scrolls of identify
 m - a scroll of immolation {unknown}
 v - 2 scrolls of fear {unknown}
 y - a scroll of recharging {unknown}
Potions
 i - 2 potions of magic {unknown}
 r - a potion of agility {unknown}
Books
 o - a book of Minor Magic
Comestibles
 g - 3 bread rations
 j - 3 meat rations
 p - 2 slices of pizza
 q - a chunk of flesh {@w1}

Dungeon Overview and Level Annotations

Branches:
Dungeon (4/15)
 Temple: D:4-7

Altars:
Gozag
Xom
Yredelemnul
Zin

## .. .# .####
#.####....#
#...p.....#
#####.....# #
#####.##.##
#.#.....# #
#.#.######.#
#).........#
#########
###.#####..#
#.......# #.#
#.......#####.#


There were no monsters in sight!


Message History

You completely miss the goblin. The goblin misses you.
You hit the goblin.
You kill the goblin!
No target in view!
No target in view!
Things that are here:
a dagger; a goblin corpse As you open the door, it creaks loudly!
There is an open door here.
Found a scroll labeled QUKHLEE MOLAM.
Found a hand axe.
v - 2 scrolls labeled QUKHLEE MOLAM (gained 1)
A hound comes into view.
A hound is nearby!
A hound is nearby!
The helpless hound fails to defend itself.
You impale the hound!!
You kill the hound!
You have reached level 6!
Your experience leads to an increase in your attributes!
Increase (S)trength, (I)ntelligence, or (D)exterity?
You feel agile.
You see here a hound corpse.
You butcher the hound corpse.
q - a chunk of flesh {@w1}
Okay, then.
Unknown command.
Quiver which item? (- for none, * to show all) (? for menu, Esc to quit)
Okay, then.
Are you sure you want to abandon this character and quit the game? (Confirm with "yes".)

Action                   |  1- 3 |  4- 6 || total
-------------------------+-------+-------++-------
Melee: Dagger            |    80 |       ||    80
       Short sword       |    19 |   131 ||   150
 Fire: Blowgun           |     1 |       ||     1
  Use: Scroll            |     1 |     1 ||     2
       Potion            |       |     3 ||     3
 Stab: Sleeping          |     6 |     4 ||    10
       Distracted        |     1 |       ||     1
  Eat: Chunk             |     1 |     6 ||     7

Vault maps used:
D:1:      dpeg_arrival_short_road, minmay_misc_feat_five
D:2:      serial_park_square1, grunt_temple_overflow_gold_and_silver,
          lemuel_crystal_altar, first_bread, uniq_iyjb
D:3:      xom_teletrap_fun, kennysheep_decorative_pillar, nrook_loot_triangle,
          minmay_bisected
D:4:      serial_shops, kennysheep_mini_moat

Notes
Turn   | Place    | Note
--------------------------------------------------------------
     0 | D:1      | RobertPalmer, the Halfling Assassin, began the quest for the Orb.
     0 | D:1      | Reached XP level 1. HP: 14/14 MP: 1/1
    17 | D:1      | Reached skill level 3 in Short Blades
   247 | D:1      | Reached XP level 2. HP: 10/19 MP: 2/2
   552 | D:1      | Reached skill level 4 in Short Blades
   824 | D:1      | Reached XP level 3. HP: 22/24 MP: 3/3
  1061 | D:2      | Found an opulent altar of Gozag.
  1062 | D:2      | Found a glowing silver altar of Zin.
  1201 | D:2      | Found a basalt altar of Yredelemnul.
  1212 | D:2      | Learned a level 2 spell: Blink
  1228 | D:2      | Reached skill level 5 in Short Blades
  1363 | D:2      | Noticed Ijyb
  1397 | D:2      | Killed Ijyb
  1397 | D:2      | Reached XP level 4. HP: 9/29 MP: 4/4
  2143 | D:3      | Reached skill level 6 in Short Blades
  2508 | D:3      | Reached XP level 5. HP: 22/34 MP: 5/5
  2550 | D:3      | Found a shimmering altar of Xom.
  2798 | D:3      | Reached skill level 7 in Short Blades
  3023 | D:4      | Reached XP level 6. HP: 39/39 MP: 6/6
  3026 | D:4      | Quit the game

Vanquished Creatures
  A hound (D:4)
  A worker ant (D:3)
  Ijyb (D:2)
  6 adders
  2 worms
  2 orcs
  6 bats
  6 goblins
  2 hobgoblins
  5 jackals (D:1)
  12 kobolds
  An ooze (D:3)
  A quokka (D:3)
  A ball python (D:3)
  4 giant cockroaches
  3 giant geckos
  3 giant newts
  8 rats
65 creatures vanquished.
